 Dungeon Crawl Stone Soup version 0.27-a0-1158-gaa87e14f67 (webtiles) character file.

Game seed: 6103805414032878604

113 avis the Cudgeller (level 4, -2/40 HPs)
             Began as a Hill Orc Monk on May 15, 2021.
             Slain by Sigmund
             ... wielding a +0 scythe
              (6 damage)
             ... on level 2 of the Dungeon.
             The game lasted 00:11:44 (1753 turns).

avis the Cudgeller (Hill Orc Monk)                  Turns: 1753, Time: 00:11:45

Health: -2/40      AC:  9    Str: 14    XL:     4   Next: 96%
Magic:  4/4        EV:  6    Int: 10    God:
Gold:   9          SH:  0    Dex: 13    Spells: 3/3 levels left

rFire    . . .     SeeInvis .   a - +0 mace
rCold    . . .     Faith    .   (no shield)
rNeg     . . .     Spirit   .   m - +0 chain mail
rPois    +         Reflect  .   (no helmet)
rElec    .         Harm     .   (no cloak)
rCorr    .         Rampage  .   r - +0 pair of gloves
Will     .....                  (no boots)
Stlth    ..........             (no amulet)
HPRegen  0.13/turn              p - ring of poison resistance
MPRegen  0.09/turn              (no ring)

@: hasted, very quick
A: no striking features
a: no special abilities


You were on level 2 of the Dungeon.
You visited 1 branch of the dungeon, and saw 2 of its levels.

You collected 9 gold pieces.

Inventory:

Hand Weapons
 a - a +0 mace (weapon)
 e - a +0 spear
 n - a +0 whip
 v - a +0 war axe
Missiles
 c - 6 silver boomerangs (quivered)
 f - 36 arrows
 g - 16 sling bullets
 h - 40 stones
 u - 17 bolts
Armour
 m - a +0 chain mail (worn)
 r - a +0 pair of gloves (worn)
Jewellery
 p - a ring of poison resistance (left hand)
Scrolls
 b - a scroll of holy word {unknown}
 d - a scroll of silence {unknown}
 i - a scroll of identify {unknown}
 j - a scroll of blinking {unknown}
 k - a scroll of enchant weapon {unknown}
 o - a scroll of immolation {unknown}
Potions
 q - a potion of cancellation {unknown}
 s - a potion of flight {unknown}


   Skills:
 - Level 4.0 Fighting
 * Level 5.8 Maces & Flails
 - Level 2.4 Dodging
 - Level 1.5 Stealth


You had 3 spell levels left.
You didn't know any spells.
Your spell library was empty.

Dungeon Overview and Level Annotations

Branches:
Dungeon (2/15)

Altars:

Shops:
D:1 (

Annotations:
D:2 Sigmund


Message History

You hear a zap.
A puff of flame appears from out of thin air!
The puff of flame hits you!
Throw: 2 javelins
Press: ? - help, Q - select action, (/) - cycle Shift-Dir - straight line You throw a javelin.
Throw: javelin
Press: ? - help, Q - select action, (/) - cycle Shift-Dir - straight line You throw a javelin.
You hear a zap.
A puff of flame appears from out of thin air!
The puff of flame hits you.
Throw: 6 boomerangs (silver)
Press: ? - help, Q - select action, (/) - cycle Shift-Dir - straight line You throw a silver boomerang.
Unknown command.
Throw: 6 boomerangs (silver)
Press: ? - help, Q - select action, (/) - cycle Shift-Dir - straight line You throw a silver boomerang.
Something hits you.
Throw: 6 boomerangs (silver)
Press: ? - help, Q - select action, (/) - cycle Shift-Dir - straight line
Okay, then.
You hear some strange, mumbled words.
A magic dart appears from out of thin air!
The magic dart hits you but does no damage.
You hit something. Something hits you! Something hits you.
You barely miss something.
You hear a zap.
A puff of flame appears from out of thin air!
The puff of flame hits you.
* * * LOW HITPOINT WARNING * * *
Okay, then.
You closely miss something. Something hits you.
* * * LOW HITPOINT WARNING * * *
It was a potion of haste.
You feel yourself speed up. Something hits you.
* * * LOW HITPOINT WARNING * * *
You miss something. You closely miss something. Something hits you.
You die...

# #....#..# #.###.# # #..#.#..#
#...## #.......#####.## #
#.............####
###.##†##.###......#
.#........###.####.#
.......#..#.#.####.### ####
##..#..#<..#..##.....# #...
#.>......###.##@#.#.#########.##
#.#...#.## ##){.................
#........###......#.#########.##
###...###.#.###÷###.#########.##
#...# ##(##.....#.#.......#...
####...####.##.....#.#.......####
.............#...............# #
.............#......#........# #
.............#...............# #


There were no monsters in sight!

Vanquished Creatures
  Natasha (D:2)
  3 gnolls (D:2)
  An adder (D:2)
  A worm (D:2)
  3 dart slugs
  6 bats
  An endoplasm (D:1)
  5 giant cockroaches
  3 goblins (D:1)
  5 hobgoblins
  4 kobolds
  A quokka (D:2)
  3 ball pythons (D:1)
  4 frilled lizards
  2 rats
43 creatures vanquished.

Notes
Turn   | Place    | Note
-------+----------+-------------------------------------------
     0 | D:1      | avis the Hill Orc Monk began the quest for the Orb.
     0 | D:1      | Reached XP level 1. HP: 19/19 MP: 1/1
   157 | D:1      | Reached XP level 2. HP: 26/26 MP: 2/2
   217 | D:1      | Reached skill level 4 in Maces & Flails
   505 | D:1      | Found Upteam's Weapon Emporium.
   550 | D:1      | Reached XP level 3. HP: 33/33 MP: 3/3
   645 | D:1      | Found a faded altar of an unknown god.
  1104 | D:2      | Noticed Sigmund
  1396 | D:2      | Reached skill level 5 in Maces & Flails
  1396 | D:2      | Noticed Natasha
  1411 | D:2      | Killed Natasha
  1412 | D:2      | Reached XP level 4. HP: 34/40 MP: 4/4
  1753 | D:2      | Slain by Sigmund

Illustrated notes

Levels and vault maps discovered:
D:1:      dpeg_arrival_boxes_within_box, layout_basic,
          hellmonk_ecumenical_altar_inner_sanctum, serial_shops, shop
D:2:      layout_loops_cross, uniq_natasha, uniq_crazy_yiuf_cottage,
          uniq_sigmund

Skill      XL: |  1  2  3 |
---------------+----------+-----
Maces & Flails | 4 5 |  5.8
Fighting       | 4 |  4.0
Dodging        | |  2.4
Stealth        | |  1.5

Action                   |  1- 3 |  4- 6 || total
-------------------------+-------+-------++-------
Melee: Mace              |    93 |    32 ||   125
Throw: Javelin           |    33 |    10 ||    43
       Boomerang         |       |     4 ||     4
  Use: Potion            |       |     1 ||     1
Armor: Chain mail        |    65 |    14 ||    79
       Robe              |     4 |       ||     4
Dodge: Dodged            |    37 |    10 ||    47

Table legend: (Time is in decaauts)
 A = Elapsed time spent in this place.
 B = Non-inter-level travel time spent in this place.
 C = Inter-level travel time spent in this place.
 D = Time resting spent in this place.
 E = Time spent auto-exploring this place.
 F = Levels seen in this place.
 G = Mean time per level.
                   A        B        C        D        E       F      G
               +--------+--------+--------+--------+--------+-----+--------+
         Total |   1803 |   1711 |     92 |    270 |    874 |   2 |  901.5 |
       Dungeon |   1803 |   1711 |     92 |    270 |    874 |   2 |  901.5 |
               +--------+--------+--------+--------+--------+-----+--------+

Top non-repeatable levels by time:
     D:1: 1203 daAuts
     D:2: 599 daAuts
